 Dungeon Crawl Stone Soup version 0.23-a0-629-gae4348f (webtiles) character file.

2 KristoblXynda the Scratcher (level 1, -4/9 HPs)
             Began as a Felid Transmuter on Dec 25, 2018.
             Slain by a hobgoblin
             ... wielding a +0 club
              (7 damage)
             ... on level 1 of the Dungeon.
             The game lasted 00:01:24 (161 turns).

KristoblXynda the Scratcher (Felid Transmuter)       Turns: 161, Time: 00:01:25

Health: -4/9       AC:  1    Str:  6    XL:     1   Next: 25%
Magic:  4/4        EV: 18    Int: 14    God:
Gold:   10         SH:  0    Dex: 16    Spells: 3/4 levels left
                                        Lives:  0   Deaths: 0

rFire    . . .     SeeInvis +     - Unarmed
rCold    . . .     Gourm    .   (shield unavailable)
rNeg     . . .     Faith    .   (armour unavailable)
rPois    .         Spirit   .   (helmet unavailable)
rElec    .         Reflect  .   (cloak unavailable)
rCorr    .         Harm     .   (gloves unavailable)
MR       .....                  (boots unavailable)
Stlth    ++........             (no amulet)
HPRegen  0.03/turn              (no ring)
MPRegen  0.09/turn              (no ring)

@: quick
A: very small, no armour, no weapons or thrown items, stealth, claws 1, fangs 3,
see invisible, carnivore, speed 1, shaggy fur 1, slow metabolism 1, sharp paws
a: no special abilities


You were on level 1 of the Dungeon.
You were not hungry.

You visited 1 branch of the dungeon, and saw 1 of its levels.

You collected 10 gold pieces.

Inventory:

Missiles
 a - 12 arrows
Jewellery
 d - an uncursed ring of stealth {unknown}
Scrolls
 b - a scroll of teleportation {unknown}
 f - a scroll of enchant armour {unknown}
 g - a scroll of identify {unknown}
Potions
 e - a potion of lignification {unknown}
Comestibles
 c - a ration


   Skills:
 - Level 1.0 Fighting
 - Level 2.6 Dodging
 * Level 3.1 Unarmed Combat
 - Level 2.0 Spellcasting
 + Level 2.2 Transmutations


You had 3 spell levels left.
You knew the following spells:

 Your Spells              Type           Power        Failure   Level  Hunger
a - Beastly Appendage     Tmut           #.....       10%         1    ##.....

Your spell library contained the following spells:

 Spells                   Type           Power        Failure   Level  Hunger
 Sticks to Snakes         Tmut           #.......     14%         2    ###....
 Spider Form              Tmut/Pois      #.........   41%         3    ####...
 Ice Form                 Ice/Tmut       #.......     83%         4    #####..
 Blade Hands              Tmut           #.........   95%         5    ######.


Dungeon Overview and Level Annotations

Branches:
Dungeon (1/15)

Altars:


Innate Abilities, Weirdness & Mutations

You cannot wear armour.
You are incapable of wielding weapons or throwing items.
Your paws allow you to move quietly. (Stealth)
You have sharp claws.
You have razor-sharp teeth.
You have supernaturally acute eyesight. (SInv)
You are carnivorous and can eat meat at any time.
You cover ground quickly.
You are covered in fur. (AC +1)
You have a slow metabolism.
Your sharp claws are effective at attacking unaware monsters.


Message History

Eating a chunk of flesh.
You eat the chunk of flesh.
This raw flesh tastes great.
f - a scroll labeled ENESOTH PYDGHE
Found a short sword.
g - a scroll labeled MUJAUTOMAW A hobgoblin comes into view.
It is wielding a +0 club.
A hobgoblin is nearby!
You start resting.
HP restored.
The hobgoblin shouts!
The hobgoblin misses you.
You scratch the hobgoblin but do no damage.
Your bite misses the hobgoblin. The hobgoblin hits you with a +0 club.
Ouch! That really hurt!
You scratch the hobgoblin.
You bite the hobgoblin, but do no damage.
The hobgoblin is heavily wounded.
The hobgoblin hits you with a +0 club!
Ouch! That really hurt!
You die...

..........).............
.......#.##..###....#####
.#..####.###.# #...รท#
.........# #.# #....#####
###.###..# #.# #..(.#....
.. #..# #.###....#.#..
#.#..# #..##....#.#.
#....# ##.#####.#.#
####@# #.# #.....#
#....g.##.###.#.###
#......##.......#
#......##.....#.#
####.#####......# #.#
#..#.#.# ... ......#.#
#.# ####...#.# .#..#.#


You could see a hobgoblin.

Vanquished Creatures
  A kobold (D:1)
  A bat (D:1)
2 creatures vanquished.

Notes
Turn   | Place    | Note
-------+----------+-------------------------------------------
     0 | D:1      | KristoblXynda the Felid Transmuter began the quest for the
                  | Orb.
     0 | D:1      | Reached XP level 1. HP: 9/9 MP: 4/4
   161 | D:1      | Slain by a hobgoblin

Vault maps used:
D:1:      dpeg_arrival_rooms_c

Action                   || total
-------------------------++-------
Melee: Unarmed           ||     8
       Bite              ||     3
       Punch             ||     1
  Eat: Chunk             ||     1
Dodge: Dodged            ||     6

Table legend:
 A = Non-vault XP
 B = Vault XP
 C = Vault XP percentage of total XP
 D = Non-vault monster count
 E = Vault monster count
 F = Vault count percentage of total count
                 A         B        C        D         E       F
            +---------+---------+-------+---------+---------+-------
      Total |       3 |       0 |   0.0 |       2 |       0 |   0.0
            +---------+---------+-------+---------+---------+-------
        D:1 |       3 |       0 |   0.0 |       2 |       0 |   0.0
            +---------+---------+-------+---------+---------+-------
